 Dungeon Crawl Stone Soup version 0.29.1-2-gbd0b4ee654 (webtiles) character file.

Game seed: 3971830655405320983

63 kingsuperguy the Chopper (level 4, -4/40 HPs)
             Began as a Hill Orc Monk on Nov 18, 2022.
             Slain by a gnoll
             ... wielding a +0 flail
              (9 damage)
             ... on level 3 of the Dungeon.
             The game lasted 00:02:34 (1434 turns).

kingsuperguy the Chopper (Hill Orc Monk)            Turns: 1434, Time: 00:02:34

Health: -4/40      AC:  2    Str: 15    XL:     4   Next: 10%
Magic:  4/4        EV: 12    Int: 10    God:
Gold:   27         SH:  0    Dex: 13    Spells: 3/3 levels left

rFire   . . .      SeeInvis .   a - +0 hand axe
rCold   . . .      Faith    .   (no shield)
rNeg    . . .      Spirit   .   b - +0 robe
rPois   .          Reflect  .   (no helmet)
rElec   .          Harm     .   (no cloak)
rCorr   .          Rampage  .   (no gloves)
Will    .....                   (no boots)
Stlth   ++........              (no amulet)
HPRegen 0.13/turn               (no ring)
MPRegen 0.09/turn               (no ring)

@: on berserk cooldown
A: no striking features
a: no special abilities


You were on level 3 of the Dungeon.
You visited 1 branch of the dungeon, and saw 3 of its levels.

You collected 27 gold pieces.

Inventory:

Hand Weapons
 a - a +0 hand axe (weapon)
 i - a +0 dagger of draining
 l - a +0 vampiric whip
Armour
 b - a +0 robe (worn)
Jewellery
 e - a ring of fire
Scrolls
 d - 2 scrolls of magic mapping {unknown}
 g - a scroll of immolation {unknown}
 j - 2 scrolls of noise {unknown}
 k - a scroll of blinking {unknown}
 m - a scroll of poison {unknown}
Potions
 h - a potion of haste {unknown}


   Skills:
 + Level 4.3 Fighting
 + Level 5.0 Axes
 + Level 2.9 Dodging
 + Level 1.8 Stealth


You had 3 spell levels left.
You didn't know any spells.
Your spell library was empty.

Dungeon Overview and Level Annotations

Branches:
Dungeon (2/15)

Altars:


Message History

The gnoll is almost dead.
The gnoll completely misses you.
You hit the gnoll.
You kill the gnoll!
Your Axes skill increases to level 5!
You have reached level 4!
Things that are here:
a +0 club; a gnoll corpse You feel a strong urge to attack something.
You are no longer berserk.
You are exhausted.
You feel yourself slow down.
You start resting.
A gnoll is nearby!
The gnoll shouts!
The gnoll attacks as you move away! The gnoll completely misses you.
Things that are here:
a +0 club; a gnoll corpse The gnoll attacks as you move away!
The gnoll barely misses you. The gnoll hits you with a +0 flail!
You see here a +0 club.
The gnoll misses you.
You hit the gnoll.
The gnoll is heavily wounded.
You feel yourself speed up. The gnoll hits you but does no damage.
You hit the gnoll.
The gnoll is severely wounded.
The gnoll hits you with a +0 flail!
* * * LOW HITPOINT WARNING * * *
You hit the gnoll but do no damage.
The gnoll is severely wounded.
The gnoll barely misses you.
You hit the gnoll but do no damage.
The gnoll is severely wounded.
The gnoll closely misses you.
You hit the gnoll.
The gnoll is severely wounded.
The gnoll hits you with a +0 flail!
You die...

####### #.....#
#.###.# #...#)#
###.#)#
#############g#g#
#........g....#@#
##.##......#####.#
...##......# #..#
#####......# #.##
#......####.#
#........##.#
#......#.##.#
#......#.##.#
#......#.##.##.#


You could see a gnoll.

Vanquished Creatures
  2 gnolls (D:3)
  2 dart slugs (D:1)
  4 bats (D:1)
  6 endoplasms (D:1)
  4 giant cockroaches (D:1)
  2 goblins (D:1)
  6 hobgoblins
  3 ball pythons (D:1)
  A frilled lizard (D:2)
  3 kobolds (D:1)
  5 rats (D:1)
38 creatures vanquished.

Vanquished Creatures (others)
  A fungus (D:1)
1 creature vanquished.

Grand Total: 39 creatures vanquished

Notes
Turn   | Place    | Note
-------+----------+-------------------------------------------
     0 | D:1      | kingsuperguy the Hill Orc Monk began the quest for the Orb.
     0 | D:1      | Reached XP level 1. HP: 19/19 MP: 1/1
    25 | D:1      | Reached XP level 2. HP: 11/27 MP: 2/2
   459 | D:1      | Reached XP level 3. HP: 24/33 MP: 3/3
  1301 | D:2      | You fall into a shaft and drop 1 floor!
  1413 | D:3      | Reached skill level 5 in Axes
  1413 | D:3      | Reached XP level 4. HP: 27/40 MP: 4/4
  1434 | D:3      | Slain by a gnoll

Illustrated notes

Levels and vault maps discovered:
D:1:      minmay_arrival_plants_in_alcoves, layout_basic, minmay_vboxes
D:2:      layout_basic, basic_altar, ebering_ecumenical_altar_hall,
          due_unseen_surprise
D:3:      layout_basic

Skill      XL: |  1  2  3 |
---------------+----------+-----
Fighting       | 4 |  4.3
Axes           | 5 |  5.0
Dodging        | |  2.9
Stealth        | |  1.8

Action                   |  1- 3 |  4- 6 || total
-------------------------+-------+-------++-------
Melee: Hand axe          |    99 |     5 ||   104
  Use: Potion            |     2 |       ||     2
 Stab: Sleeping          |     2 |       ||     2
Armor: Robe              |    18 |     1 ||    19
Dodge: Dodged            |    72 |     5 ||    77
